 Dungeon Crawl Stone Soup version 0.22.0-16-gc6d26f6 (webtiles) character file.

11620 Amnesiac the Slinger (level 11, 0/92 HPs)
             Began as a Mummy Hunter on Aug 17, 2018.
             Was a Priest of Okawaru.
             Slain by a vampire mosquito (8 damage)
             ... on level 11 of the Dungeon.
             The game lasted 00:23:58 (13025 turns).

Amnesiac the Slinger (Mummy Hunter)                Turns: 13025, Time: 00:23:59

Health: 0/92       AC: 16    Str: 18    XL:     11   Next: 51%
Magic:  11/11      EV:  7    Int: 12    God:    Okawaru [***...]
Gold:   803        SH:  0    Dex: 12    Spells: 10/10 levels left

rFire    x . .     SeeInvis .   a - +2 hunting sling (venom)
rCold    + . .     Gourm    .   (no shield)
rNeg     + + +     Faith    .   q - +2 chain mail {rN+}
rPois    ∞         Spirit   .   E - +0 helmet
rElec    .         Reflect  .   F - scarf {repulsion}
rCorr    .         Harm     .   h - +0 pair of gloves
MR       +....     Rnd*Tele +   (no boots)
Stlth    ..........             x - amulet of inaccuracy (curse)
HPRegen  0.25/turn              c - +4 ring of protection
MPRegen  0.12/turn              s - ring of teleportation (curse)

@: repel missiles
A: no food or potions, fire vulnerability, cold resistance 1, negative energy
resistance 3, torment resistance, unbreathing
a: Heroism, Renounce Religion


You were on level 11 of the Dungeon.
You worshipped Okawaru.
Okawaru was most pleased with you.
You were not hungry.

You visited 2 branches of the dungeon, and saw 13 of its levels.
You also visited: Sewer.

You collected 803 gold pieces.

Inventory:

Hand Weapons
 a - a +2 hunting sling of venom (weapon)
 b - a +0 short sword
 D - a +0 demon trident
Missiles
 d - 25 sling bullets (quivered)
 e - 86 stones
Armour
 h - a +0 pair of gloves (worn)
 i - a +0 cloak
 q - a +2 chain mail of positive energy (worn)
 E - a +0 helmet (worn)
 F - a scarf of repulsion (worn)
Magical Staves
 A - an uncursed staff of wizardry {unknown}
Jewellery
 c - a +4 ring of protection (left hand)
 j - an uncursed ring of fire
 m - an uncursed ring of fire
 s - a cursed ring of teleportation (right hand)
 v - an uncursed ring of stealth
 x - a cursed amulet of inaccuracy (around neck)
 G - an uncursed ring of protection from cold {unknown}
Wands
 l - a wand of digging (9)
 n - a wand of polymorph (18)
 o - a wand of flame (47)
 w - a wand of paralysis (15)
 B - a wand of iceblast (4)
Scrolls
 f - 2 scrolls of amnesia {!r}
 g - a scroll of immolation {!r}
 k - a scroll of teleportation {!r}
 p - 2 scrolls of enchant armour {!r}
 r - 3 scrolls of noise {!r}
 t - 6 scrolls of identify {!r}
 u - 2 scrolls of enchant weapon {!r}
 z - 3 scrolls of magic mapping {!r}
 C - 3 scrolls of blinking {!r}


   Skills:
 + Level 10.8 Fighting
 * Level 12.8 Slings
 - Level 1.5 Dodging
 - Level 0.7 Stealth


You had 10 spell levels left.
You didn't know any spells.
Your spell library contained the following spells:

 Spells                   Type           Power        Failure   Level  Hunger
 Cause Fear               Hex            #.........   100%        4    N/A
 Slow                     Hex            #.......     100%        2    N/A
 Animate Dead             Necr           N/A          100%        4    N/A
 Pain                     Necr           #...         99%         1    N/A
 Animate Skeleton         Necr           N/A          99%         1    N/A
 Vampiric Draining        Necr           #.........   100%        3    N/A
 Regeneration             Chrm/Necr      #.........   100%        3    N/A
 Corona                   Hex            #......      99%         1    N/A
 Portal Projectile        Hex/Tloc       #.....       100%        3    N/A
 Leda's Liquefaction      Hex/Erth       #.........   100%        4    N/A
 Inner Flame              Hex/Fire       #.......     100%        3    N/A

Dungeon Overview and Level Annotations

Branches:
Dungeon (12/15)            Temple (1/1) D:6             Orc (0/2) D:9
   Lair: D:8-11

Altars:
Ashenzari
Cheibriados
Dithmenos
Elyvilon
Fedhas
Gozag
Hepliaklqana
Kikubaaqudgha
Makhleb
Nemelex Xobeh
Okawaru
Qazlal
Ru
Sif Muna
Trog
Uskayaw
Vehumet
Wu Jian
Xom
Yredelemnul
Zin
The Shining One

Shops:
D:3 *

Annotations:
D:9 1 runed door, Conn321's ghost, journeyman OpFE


Innate Abilities, Weirdness & Mutations

You do not eat or drink.
Your flesh is vulnerable to fire.
You are immune to poison.
Your flesh is cold resistant. (rC+)
You are immune to negative energy. (rN+++)
You are immune to unholy pain and torment.
You can survive without breathing.


Message History

Firing (i - inventory. (/) - cycle)
d - 26 sling bullets (quivered)
Press: ? - help, Shift-Dir - straight line, f/p - purple ugly thing
Aim: a purple ugly thing (severely wounded, poisoned)
You shoot a sling bullet.
The sling bullet closely misses the purple ugly thing.
The purple ugly thing bites you!
* * * LOW HITPOINT WARNING * * *
You are too injured to fight recklessly!
You are too injured to fight recklessly!
You are too injured to fight recklessly!
Evoke which item? (* to show all) (? for menu, Esc to quit)
Aiming: Corrosive Bolt
Press: ? - help, Shift-Dir - straight line, f/p - purple ugly thing
Aim: a purple ugly thing (severely wounded, poisoned)
The bolt of acid hits the purple ugly thing.
The purple ugly thing is splashed with acid.
The purple ugly thing is almost dead.
You hear a bellow!
The purple ugly thing bites you!
* * * LOW HITPOINT WARNING * * *
Evoke which item? (* to show all) (? for menu, Esc to quit)
Aiming: Corrosive Bolt
Press: ? - help, Shift-Dir - straight line, f/p - purple ugly thing
Aim: a purple ugly thing (almost dead, poisoned)
The bolt of acid hits the purple ugly thing.
The purple ugly thing is splashed with acid.
The acid corrodes the purple ugly thing!
You kill the purple ugly thing!
Okawaru accepts your kill.
The now-empty wand crumbles to dust.
A vampire mosquito comes into view.
You see here a scroll labeled URRORAG GAMOD {!r}.
As you open the door, it creaks loudly!
You hear a bellow!
There is an open door here.
Evoke which item? (* to show all) (? for menu, Esc to quit)
Aiming: Iceblast
Press: ? - help, Shift-Dir - straight line The mass of ice explodes!
The iceblast engulfs the vampire mosquito.
The vampire mosquito is moderately damaged.
You hear an angry buzzing noise. x2; You hear a shout! x2; You hear a bellow!
You hear a shout!
You hear an angry buzzing noise.
You hear a shout!
The vampire mosquito bites you.
* * * LOW HITPOINT WARNING * * *
The vampire mosquito bites you but does no damage.
Evoke which item? (* to show all) (? for menu, Esc to quit)
Aiming: Iceblast
Press: ? - help, Shift-Dir - straight line The mass of ice explodes!
The iceblast engulfs the vampire mosquito.
The vampire mosquito is severely damaged.
You hear an angry buzzing noise.
You hear a bellow! x2
The vampire mosquito bites you but does no damage.
A death yak comes into view.
The vampire mosquito bites you but does no damage.
Evoke which item? (* to show all) (? for menu, Esc to quit)
Aiming: Iceblast
Press: ? - help, Shift-Dir - straight line The mass of ice explodes!
The iceblast engulfs the vampire mosquito.
The vampire mosquito is almost destroyed.
You hear a bellow! x3; You hear an angry buzzing noise.
The vampire mosquito barely misses you. The vampire mosquito bites you!
You die...

###########
#..(....... #
#...(...... +.#
#(.(.......
#...##..>(((...(
#..@y?...Y....
####..........
#######+###


You could see a death yak and a vampire mosquito.

Vanquished Creatures
  A two-headed ogre (D:9)
  3 ugly things
  A troll (D:9)
  A hornet (D:9)
  2 hippogriffs
  13 yaks
  2 wyverns
  A hungry ghost (D:10)
  6 vampire mosquitoes (D:12)
  A water moccasin (D:8)
  5 ice beasts
  3 sky beasts
  13 orc warriors
  5 ogres
  5 centaurs
  2 big kobolds
  9 bullfrogs
  4 scorpions
  A water moccasin skeleton (D:6)
  4 killer bees (D:7)
  4 wights (D:9)
  A howler monkey (D:9)
  4 crimson imps
  A centaur zombie (D:5)
  2 jellies
  6 orc priests
  6 hounds
  12 orc wizards
  A bullfrog skeleton (D:11)
  4 iguanas
  Natasha (thrice) (D:2)
  7 worker ants
  2 hound skeletons
  3 worker ant zombies
  8 gnolls
  A river rat (D:3)
  14 adders
  2 shadow imps
  An ooze (D:3)
  3 adder skeletons
  6 worms
  2 dart slugs
  8 leopard geckos
  62 orcs
  8 ball pythons
  7 bats
  11 giant cockroaches
  10 goblins
  6 hobgoblins
  14 jackals
  3 quokkas
  8 frilled lizards
  16 kobolds
  A leopard gecko skeleton (D:4)
  A leopard gecko zombie (D:7)
  8 rats
338 creatures vanquished.

Notes
Turn   | Place    | Note
-------+----------+-------------------------------------------
     0 | D:1      | Amnesiac the Mummy Hunter began the quest for the Orb.
     0 | D:1      | Reached XP level 1. HP: 16/16 MP: 1/1
    93 | D:1      | Reached XP level 2. HP: 22/22 MP: 2/2
   483 | D:1      | Reached XP level 3. HP: 25/28 MP: 3/3
   630 | D:1      | Reached skill level 4 in Slings
  1058 | D:2      | Reached XP level 4. HP: 31/34 MP: 4/4
  1479 | D:2      | Noticed Natasha
  1485 | D:2      | Killed Natasha
  1485 | D:2      | Reached XP level 5. HP: 36/41 MP: 5/5
  1596 | D:2      | Noticed Natasha
  1601 | D:2      | Killed Natasha
  1708 | D:2      | Noticed Natasha
  1717 | D:2      | Killed Natasha
  1717 | D:2      | Reached skill level 5 in Slings
  1907 | D:3      | Noticed a sky beast
  1921 | D:2      | Killed a sky beast
  1921 | D:2      | Reached XP level 6. HP: 34/48 MP: 6/6
  2000 | D:3      | Found a blossoming altar of Fedhas.
  2035 | D:3      | Found Zin's Purification Station.
  2036 | D:3      | Found a glowing silver altar of Zin.
  2108 | D:3      | Found a glowing drain.
  2234 | Sewer    | Entered a sewer
  2618 | Sewer    | Reached skill level 6 in Slings
  2618 | Sewer    | Reached XP level 7. HP: 4/55 MP: 7/7
  3561 | D:3      | Found an ornate altar of the Wu Jian Council.
  4252 | D:5      | Entered Level 5 of the Dungeon
  4424 | D:5      | Reached skill level 5 in Fighting
  4665 | D:5      | Found an ancient bone altar of Kikubaaqudgha.
  4665 | D:5      | Found a sparkling altar of Nemelex Xobeh.
  4703 | D:5      | Found a glowing golden altar of the Shining One.
  4774 | D:5      | Reached skill level 7 in Slings
  4865 | D:5      | Reached XP level 8. HP: 23/63 MP: 8/8
  5495 | D:6      | Reached skill level 8 in Slings
  6816 | D:6      | Found a staircase to the Ecumenical Temple.
  6821 | Temple   | Entered the Ecumenical Temple
  7306 | D:6      | Found a shadowy altar of Dithmenos.
  7360 | D:6      | Reached XP level 9. HP: 72/72 MP: 9/9
  7707 | D:6      | Reached skill level 9 in Slings
  8964 | D:8      | Reached skill level 10 in Slings
  9291 | D:8      | Found a hide-covered altar of Uskayaw.
  9852 | D:9      | Reached XP level 10. HP: 82/82 MP: 10/10
  9975 | D:9      | Found an iron altar of Okawaru.
 10009 | D:9      | Found a runed door.
 10019 | D:9      | Noticed Conn321's ghost (journeyman OpFE)
 10033 | D:10     | Entered Level 10 of the Dungeon
 10314 | D:9      | Became a worshipper of Warmaster Okawaru
 10384 | D:9      | Reached skill level 11 in Slings
 10616 | D:9      | Noticed a two-headed ogre
 10648 | D:9      | Killed a two-headed ogre
 10648 | D:9      | Reached * piety under Okawaru
 10812 | D:9      | Found a staircase to the Orcish Mines.
 10954 | D:9      | Reached ** piety under Okawaru
 11451 | D:10     | Reached skill level 10 in Fighting
 11495 | D:10     | Reached XP level 11. HP: 46/90 MP: 11/11
 11510 | D:10     | Reached skill level 12 in Slings
 12026 | D:10     | You fall through a shaft for 2 floors!
 12043 | D:12     | Reached *** piety under Okawaru
 12356 | D:12     | Noticed a purple ugly thing
 12377 | D:12     | Killed a purple ugly thing
 12574 | D:12     | Noticed a brown ugly thing
 12606 | D:12     | Killed a brown ugly thing
 12606 | D:12     | Received a gift from Okawaru
 12990 | D:11     | Noticed a purple ugly thing
 13018 | D:11     | Killed a purple ugly thing
 13024 | D:11     | Noticed a death yak
 13025 | D:11     | Slain by a vampire mosquito

Skill      XL: |  1  2  3  4  5  6  7  8  9 10 11 |
---------------+----------------------------------+-----
Slings         | 4 5 6 7 8 10 11 12 | 12.8
Fighting       | 3 4 5 7 8 10 | 10.8
Dodging        | |  1.5
Stealth        | |  0.7

Action                   |  1- 3 |  4- 6 |  7- 9 | 10-12 || total
-------------------------+-------+-------+-------+-------++-------
 Fire: Hunting sling     |   105 |   234 |   903 |   607 ||  1849
Evoke: Wand              |       |       |    20 |     7 ||    27
  Use: Scroll            |       |       |    11 |       ||    11
Armor: Leather armour    |    10 |    27 |       |       ||    37
       Chain mail        |       |       |   285 |   162 ||   447
Dodge: Dodged            |    24 |    56 |   183 |    83 ||   346
       Deflected         |       |       |       |    14 ||    14
